Cogmind - Beta 17.1 @@@ ROGUE MODE // 2026.09.12 @ 21:25:09 Player: SKIP Result: Destroyed by Y-54 Guardian with Gatling Laser Performance ------------- Evolutions (0) 0 Regions Visited (3) 600 Robots Destroyed (23) 115 Value Destroyed (662) 662 Prototype IDs (4) 80 Alien Tech Used (0) 0 Bonus (0) 0 TOTAL SCORE: 1457 Bonus ------- None Cogmind --------- Core Integrity 0/250 Matter 285/300 Energy 196/200 System Corruption 0% Temperature Cool (6) Movement Treading (480) Ox4 Location -7/Recycling Parts ------- > --- POWER (1) -------- Subdweller Power Source > --- PROPULSION (2) --- Light Treads > --- UTILITY (2) ------ Huge Storage Unit Subdweller Optics > --- WEAPON (2) ------- Autogun Rocket Launcher > --- INVENTORY (25) --- Ion Engine Subdweller Power Source Subdweller Power Source Light Treads Aluminum Leg Aluminum Leg Aluminum Leg Aluminum Leg Subdweller Monowheel Subdweller Monowheel Subdweller Monowheel Subdweller Monowheel Subdweller Monowheel Heat Sink Subdweller Optics Propulsion Shielding Shield Generator Hacking Suite Subdweller Laser Light Assault Rifle Autogun Autogun Battle Rifle Subdweller Machine Gun Heavy Hammer Peak State ------------ > --- POWER ------------ Subdweller Power Source > --- PROPULSION ------- Light Treads Light Treads > --- UTILITY ---------- Huge Storage Unit Subdweller Optics > --- WEAPON ----------- Autogun Autogun > --- INVENTORY -------- Ion Engine Subdweller Power Source Subdweller Power Source Light Treads Aluminum Leg Aluminum Leg Aluminum Leg Aluminum Leg Subdweller Monowheel Subdweller Monowheel Subdweller Monowheel Subdweller Monowheel Subdweller Monowheel Heat Sink Propulsion Shielding Shield Generator Hacking Suite Small Laser Light Assault Rifle Autogun Battle Rifle Subdweller Machine Gun Rocket Launcher Mining Laser Heavy Hammer [Rating: 15] Favorites ----------- Power Light Ion Engine Engine Light Ion Engine Power Core Light Nuclear Core Propulsion Light Treads Treads Light Treads Utility Huge Storage Unit Device Heat Sink Storage Huge Storage Unit Weapon Autogun Ballistic Gun Autogun Launcher Rocket Launcher Impact Weapon Heavy Hammer Build | -11 -10 -10 -7 ------- Run | Yrd Mat Sub Rec Slots Evolved . | . . . . Power . | . . . . Propulsion . | . . . . Utility . | . . . . Weapon . | . . . . Parts Attached 20 | 6 5 8 1 Power 4 | 1 . 3 . Engine 3 | 1 . 2 . Core 1 | . . 1 . Reactor . | . . . . Propulsion 3 | 2 . 1 . Treads 3 | 2 . 1 . Leg . | . . . . Wheel . | . . . . Hover . | . . . . Flight . | . . . . Utility 5 | 1 3 1 . Device 3 | . 2 1 . Storage 2 | 1 1 . . Processor . | . . . . Hackware . | . . . . Protection . | . . . . Artifact . | . . . . Weapon 8 | 2 2 3 1 Energy Gun . | . . . . Energy Cannon . | . . . . Ballistic Gun 6 | 2 2 2 . Ballistic Cannon . | . . . . Launcher 1 | . . 1 . Special Weapon . | . . . . Impact Weapon 1 | . . . 1 Slashing Weapon . | . . . . Piercing Weapon . | . . . . Special Melee Weapon . | . . . . Unidentified Prototypes . | . . . . Parts Lost 4 | . . 3 1 Power 2 | . . 2 . Propulsion 2 | . . 1 1 Utility . | . . . . Weapon . | . . . . Highest Loss Streak 2 | . . 2 1 To Critical Strikes . | . . . . Average Backups 15 | 3 12 23 25 Power 2 | . 2 2 3 Propulsion 5 | 2 4 8 10 Utility 2 | . 1 4 5 Weapon 5 | . 4 7 7 Tool/Special . | . . . . Unused Backups 28 | . 4 2 22 Power 4 | . 1 . 3 Propulsion 12 | . 2 . 10 Utility 5 | . . . 5 Weapon 7 | . 1 2 4 Tool/Special . | . . . . Average Slot Usage (%) 98 | . 97 100 100 Engine 13 | . 14 13 14 Treads 27 | . 27 28 28 Device 12 | . 12 14 14 Storage 14 | . 14 14 14 Ballistic Gun 27 | . 27 27 22 Peak Build Rating 15 | 6 12 15 15 Average Rating 10 | 4 10 12 14 On Entrance 8 | . 6 11 15 Avg Prop Armor Cover (%) . | . . . . Naked Turns . | . . . . Heaviest Build 93 | 11 90 93 93 Greatest Support 40 | 40 40 40 40 Greatest Overweight (x) 2 | . 2 2 2 Average Overweight (x) 1 | . 1 2 2 Largest Inventory Capacity 25 | 8 25 25 25 Average Capacity 21 | 7 21 25 25 Most Carried 25 | 6 20 25 25 Average Carried 15 | 3 12 23 25 Final Capacity 25 | 8 25 25 25 Final Carried 25 | 6 20 25 25 Class Distribution -------------------- 100% | Mutant Dominant Class ---------------- Mutant | -10/Materials Mutant | -10/Subcaves Mutant | -7/Recycling Resources | -11 -10 -10 -7 ----------- Run | Yrd Mat Sub Rec Matter Collected 959 | 260 314 385 . Remotely . | . . . . Salvage Created 805 | . 502 303 . Parts 50 | . 30 20 . Haulers Intercepted 2 | . 2 . . Recyclers Shooed 1 | . 1 . . Parts Field Recycled . | . . . . Retrieved Matter . | . . . . Parts Self-Destructed 12 | . . 12 . Prevented . | . . . . Parts Restored . | . . . . Kills | -11 -10 -10 -7 ------- Run | Yrd Mat Sub Rec Combat Hostiles Destroyed 18 | . 9 9 . Guns 13 | . 9 4 . AOE 5 | . . 5 . Classes Destroyed 7 | . 6 1 . Hauler 2 | . 2 . . Recycler 1 | . 1 . . Operator 1 | . 1 . . Watcher 1 | . 1 . . Swarmer 3 | . 3 . . Grunt 6 | . 6 . . Subdweller 9 | . . 9 . Best Kill Streak 3 | . 3 3 . Combat Bots Only 3 | . 3 3 . Max Kills in Single Turn 1 | . 1 1 . Gunslinging . | . . . . Exploded 1 | . . 1 . Melee . | . . . . Uniques/NPCs Destroyed . | . . . . Combat | -11 -10 -10 -7 -------- Run | Yrd Mat Sub Rec Hostile Shots Fired 104 | . 44 39 21 Missed 36 | . 13 12 11 Hits 68 | . 31 27 10 Projectile 68 | . 31 27 10 AOE 5 | . . 5 . Critical Strikes 4 | . 2 2 . Damage Taken 1187 | . 345 755 87 Core 259 | . 34 209 16 Absorbed by Shields . | . . . . Regen/Repaired (Parts) 145 | . 145 . . Core Remaining (%) 100 | 100 . . . Volleys Fired 65 | . 34 31 . Largest 2 | . 2 2 . Hottest 56 | . 46 56 . Shots Fired 127 | . 67 60 . Gun 117 | . 67 50 . Cannon . | . . . . Launcher 10 | . . 10 . Special . | . . . . Kinetic 117 | . 67 50 . Thermal . | . . . . Explosive 10 | . . 10 . Electromagnetic . | . . . . Robot Hit Streak 9 | . 5 9 . Robot Miss Streak 5 | . 5 2 . Penetration Max . | . . . . Secondary Targets 2 | . 2 . . Max Gunslinging Chain 1 | . 1 . . Shots Hit Robots 78 | . 34 44 . Core Hits 34 | . 21 13 . Critical Kills . | . . . . Critical Parts Destroyed 1 | . 1 . . Critical Strikes 1 | . 1 . . Destroy 1 | . 1 . . Melee Attacks 3 | . . . 3 Impact 3 | . . . 3 Slashing . | . . . . Piercing . | . . . . Sneak Attacks . | . . . . Combat Hostiles . | . . . . Follow-up Attacks . | . . . . Damage Inflicted 1716 | . 544 1172 . Guns 1061 | . 544 517 . Cannons . | . . . . Explosions 655 | . . 655 . Melee . | . . . . Ramming . | . . . . Kinetic 1061 | . 544 517 . Thermal . | . . . . Explosive 655 | . . 655 . Electromagnetic . | . . . . Impact . | . . . . Slashing . | . . . . Piercing . | . . . . Highest Corruption . | . . . . Average Corruption . | . . . . Corruption Purged . | . . . . Corruption Blocked . | . . . . Overload Shots . | . . . . Overflow Damage . | . . . . Projectiles . | . . . . Explosions . | . . . . Melee . | . . . . Knockbacks . | . . . . Impact . | . . . . Kinetic . | . . . . Secondary . | . . . . Self-Inflicted Damage 21 | . . 21 . Shots 1 | . . 1 . Rammed . | . . . . Targets Rammed . | . . . . Kicked . | . . . . Crushed . | . . . . Highest Temperature 18 | . 18 . . Average Temperature 7 | . 7 . . Received Heat Transfer 258 | . 162 60 36 Siege Activations . | . . . . Martial Activations . | . . . . Shielding Activations . | . . . . Robots Disrupted . | . . . . Combat Hostiles . | . . . . Robots Corrupted . | . . . . Combat Hostiles . | . . . . Parts Fried . | . . . . Impact Corruptions . | . . . . Robots Melted . | . . . . Combat Hostiles . | . . . . Parts Melted . | . . . . Heat Transferred . | . . . . Parts Sabotaged . | . . . . Parts Stolen . | . . . . Parts Stripped . | . . . . Power Chain Reactions . | . . . . Alert | -11 -10 -10 -7 ------- Run | Yrd Mat Sub Rec Maximum Alert Level . | . . . . Low Security (%) 100 | 100 100 . 100 Level 1 . | . . . . Level 2 . | . . . . Level 3 . | . . . . Level 4 . | . . . . Level 5 . | . . . . High Security . | . . . . Max Security . | . . . . Peak Influence 90 | . 90 . 2 Initial . | . . . . Average 8 | . 9 . . Influence Increases 329 | . 327 . 2 Destroy 0b10 Robot/C 180 | . 180 . . Destroy 0b10 Robot/NC 25 | . 25 . . Destroy Leader 46 | . 46 . . Successful Hack 30 | . 30 . . Destroy Structure 3 | . 1 . 2 Lose Combat Pursuer 45 | . 45 . . Influence Decreases 329 | . 327 . 2 Time Decay 329 | . 327 . 2 Squads Dispatched 1 | . 1 . . Investigation 1 | . 1 . . Extermination . | . . . . Reinforcement . | . . . . Assault . | . . . . Garrison . | . . . . Intercept . | . . . . Searches Triggered . | . . . . Construction Impeded . | . . . . Haulers Reinforced . | . . . . Active Scanning Responses . | . . . . Cargo Convoy Interrupts . | . . . . Stealth | -11 -10 -10 -7 --------- Run | Yrd Mat Sub Rec Distress Signals 1 | . 1 . . Communications Jammed . | . . . . Distress Signals . | . . . . Times Spotted 40 | . 29 9 2 Peak Tracking Total 4 | . 4 2 3 Tactical Retreats 2 | . 2 . . Traps | -11 -10 -10 -7 ------- Run | Yrd Mat Sub Rec Traps Triggered 1 | . 1 . . Indirectly . | . . . . Trap Hack Attempts . | . . . . Triggered . | . . . . Disarmed . | . . . . Reprogrammed . | . . . . Reused . | . . . . Traps Extracted . | . . . . Installed . | . . . . Triggered . | . . . . Machines | -11 -10 -10 -7 ---------- Run | Yrd Mat Sub Rec Machines Disabled . | . . . . Max in Single Turn . | . . . . Machines Repaired . | . . . . Machines Dismantled . | . . . . Machines Sabotaged . | . . . . Overloaded Fab Kills . | . . . . Hacking | -11 -10 -10 -7 --------- Run | Yrd Mat Sub Rec Machines Accessed 8 | . 8 . . Terminals 7 | . 7 . . Fabricators . | . . . . Repair Stations 1 | . 1 . . Recycling Units . | . . . . Scanalyzers . | . . . . Garrison Access . | . . . . Total Hacks 30 | . 30 . . Successful 15 | . 15 . . Failed 15 | . 15 . . Catastrophic 1 | . 1 . . Database Lockouts . | . . . . Manual 18 | . 18 . . Terminals 24 | . 24 . . Fabricators . | . . . . Repair Stations 6 | . 6 . . Recycling Units . | . . . . Scanalyzers . | . . . . Garrison Access . | . . . . Terminal Hacks 9 | . 9 . . Record 1 | . 1 . . Part Schematic 1 | . 1 . . Robot Analysis 2 | . 2 . . Prototype ID Bank 4 | . 4 . . Hauler Manifests 1 | . 1 . . Fabricator Hacks . | . . . . Repair Station Hacks 4 | . 4 . . Scan Component 2 | . 2 . . Repair 2 | . 2 . . Recycling Unit Hacks . | . . . . Scanalyzer . | . . . . Garrison Access Hacks . | . . . . Unauthorized Hacks 2 | . 2 . . Terminals 2 | . 2 . . Botnet 2 | . 2 . . Fabricators . | . . . . Repair Stations . | . . . . Recycling Units . | . . . . Scanalyzers . | . . . . Garrison Access . | . . . . Data Cores Recovered 1 | . 1 . . Used 1 | . 1 . . Hacking Detections 8 | . 8 . . Full Trace Events 1 | . 1 . . Feedback Events . | . . . . Feedback Blocked . | . . . . Robot Schematics Acquired . | . . . . Robots Built . | . . . . Authchips . | . . . . Time . | . . . . Total Robot Build Rating . | . . . . Part Schematics Acquired 1 | . 1 . . Parts Built . | . . . . Authchips . | . . . . Time . | . . . . Total Part Build Rating . | . . . . Part Studies Acquired . | . . . . Parts Repaired 2 | . 2 . . Time 58 | . 58 . . Parts Recycled . | . . . . Recycled Matter . | . . . . Retrieved Matter . | . . . . Retrieved Components . | . . . . Parts Scanalyzed . | . . . . Part Schematics Acquired . | . . . . Parts Damaged . | . . . . Bothacking | -11 -10 -10 -7 ------------ Run | Yrd Mat Sub Rec Used RIF Installer . | . . . . Robots Hacked . | . . . . Non-combat . | . . . . Combat . | . . . . Robot Hacks Applied . | . . . . Relay Couplers Released . | . . . . Fabnet Peak Effective % . | . . . . Robots Rewired . | . . . . Allies Hacked . | . . . . Hacks Repelled . | . . . . Allies | -11 -10 -10 -7 -------- Run | Yrd Mat Sub Rec Total Allies . | . . . . Largest Group . | . . . . Highest-Rated Group . | . . . . Highest-Rated Ally . | . . . . Total Orders . | . . . . Ally Attacks . | . . . . Total Damage . | . . . . Kills . | . . . . Allies Corrupted . | . . . . Allies Melted . | . . . . Intel | -11 -10 -10 -7 ------- Run | Yrd Mat Sub Rec Active Infowar (turns) 232 | . . 185 47 Optics 232 | . . 185 47 Robot Analysis Total 2 | . 2 . . Derelict Logs Recovered . | . . . . Drone Launches . | . . . . Drone Recoveries . | . . . . Exploration | -11 -10 -10 -7 ------------- Run | Yrd Mat Sub Rec Turns Passed 4078 | 86 2958 987 47 Spaces Moved 1336 | 47 1007 271 11 Core 4 | 4 . . . Treads 1332 | 43 1007 271 11 Legs . | . . . . Wheels . | . . . . Hover . | . . . . Flight . | . . . . Fastest Speed 50 | 50 160 320 320 Average Speed 276 | 150 269 320 320 Slowest Speed 320 | 160 320 320 320 Overloaded Moves . | . . . . Propulsion Burnouts . | . . . . Robots Hopped . | . . . . Potential Cave-ins . | . . . . Cave-ins Triggered . | . . . . Exploration Rate (%) 33 | 5 97 24 6 Regions Visited 3 Branch Regions 2 Pre-discovered Areas . | . . . . Known Exits Taken . | . . . . Unknown Exits Taken 3 | 1 1 1 . Scrap Searched . | . . . . Spaces Dug 2 | . . . 2 Terrain Destroyed 32 | . . 30 2 Melee 2 | . . . 2 Projectile . | . . . . AOE 30 | . . 30 . Terrain Rammed . | . . . . Walls Destroyed . | . . . . Machines Disabled . | . . . . Actions | -11 -10 -10 -7 --------- Run | Yrd Mat Sub Rec Total 1618 | 60 1199 343 16 Wait 141 | . 125 16 . Move 1333 | 46 1006 270 11 Hop . | . . . . Pick Up 39 | 8 19 12 . Fast Attach 7 | 4 3 . . Attach 5 | 2 . 3 . Detach . | . . . . Swap 12 | . 4 6 2 Drop 13 | . 8 5 . Fire 65 | . 34 31 . Melee 3 | . . . 3 Ram . | . . . . Kick . | . . . . Crush . | . . . . Escape Stasis . | . . . . Rewire . | . . . . Trap . | . . . . Miscellaneous . | . . . . Route ------- -11/Scrapyard -10/Materials (discovered 5 exits: [*Mat x3] / [*Min] / [*Sub]) -10/Subcaves (discovered 2 exits: [*Rec] / [Scr]) -7/Recycling History --------- Turn | Location | Event 27 | -11/Scrapyard | Discovered new exit (range 16) 87 | -11/Scrapyard | Entered Materials 88 | -10/Materials | Met a group of wandering Federalists 108 | -10/Materials | Discovered new exit (range 8) 301 | -10/Materials | Build established: Mutant 625 | -10/Materials | Repaired Lgt. Treads 824 | -10/Materials | Discovered new exit (range 9) 914 | -10/Materials | Discovered new exit (range 13) 1412 | -10/Materials | Discovered new exit (range 6) 2454 | -10/Materials | Repaired Autogun 2650 | -10/Materials | Discovered new exit (range 4) 3045 | -10/Materials | Entered Subcaves 3046 | -10/Subcaves | Continued accompanying wandering Federalists (5) 3138 | -10/Subcaves | Discovered new exit (range 9) 3208 | -10/Subcaves | Ambushed by Subdwellers from Twisted Machinery 3223 | -10/Subcaves | Ambushed by Subdweller buried in earth 3508 | -10/Subcaves | Core integrity fell below 50% 3599 | -10/Subcaves | Core integrity fell below 20% 4032 | -10/Subcaves | Entered Recycling 4079 | -7/Recycling | Destroyed by Y-54 Guardian with Gatling Laser Last Messages --------------- 03849_ Dropped Heat Sink. 03849_ Acquired Sub. Monowheel. 03853_ Dropped Sml. Laser. 03854_ Acquired Sub. Laser. 03855_ Acquired 36 matter. 03861_ Dropped Mining Laser. 03862_ Acquired Sub. Optics. 03970_ Subatomizers dissect the Sub. Optics, destroying it. 04000_ Acquired 16 matter. 04004_ Acquired 34 matter. 04007_ Acquired 25 matter. 04010_ Acquired 19 matter. 04020_ Acquired 15 matter. LOCATION=UNKNOWN GOAL=ESCAPE 04072_ The unstable cave ceiling collapses. 04075_ Y-54 Guardian springs to life. 04075_ Lgt. Treads destroyed. 04076_ Y-54 Guardian springs to life. Map ----- +----------------------------------------------------+ | ?????????????????????????????????? | | ?????????????????????????????????? | | ?????????????????????????????????? | | ?????????????????????????????????? | | ?????????????????????????????????? | | ??????? T ???????????????????????? | | ?????? ???????????????????????? | | ?????? ???????????????????????? | | ??????# ???????????????????????? | | ??????# ???????????????????????? | | ??????# r???????????????????????? | | ??????# ???????????????????????? | | ??????# ???????????????????????? | | ??????# ???????????????????????? | | ??????# #??????????????????????? | | ??????# #??????????????????????? | | ??????# #??????????????????????? | | ??????# #??????????????????????? | | ??????# ??????????????????????? | | ??????# ??????????????????????? | | ??????# ??????????????????????? | | ??????# #??????????????????????? | | ??????# ###????????????????????? | | ?????## ""#????????????????????? | | ?????#Y Y"#????????????????????? | | ??????# @""#????????????????????? | | ??????# ;##????????????????????? | | ??????# ###########????????????? | | ??????# # #????????????? | | ?????##Y # #????????????? | | ?????# # #????????????? | | ?????## # #????????????? | | ??????# + #????????????? | | ??????# # """ """ #????????????? | | ??????# # """ """ #????????????? | | ??????# # """ """ #????????????? | | ??????# ###########????????????? | | ??????# #??????????????????????? | | ??????#####??????????????????????? | | ?????????????????????????????????? | | ?????????????????????????????????? | | ?????????????????????????????????? | | ?????????????????????????????????? | | ?????????????????????????????????? | | ?????????????????????????????????? | | ?????????????????????????????????? | | ?????????????????????????????????? | | ?????????????????????????????????? | | ?????????????????????????????????? | | ?????????????????????????????????? | +----------------------------------------------------+ Best States ------------- Heat Dissipation 39 Energy Generation 15 Energy Capacity 250 Matter Stores 300 Matter Capacity 300 Sight Range 21 Terrain Scan Density 10 Evasion (%) 40 Recoil Reduction 2 Item Schematics ----------------- Signal Interpreter | -10/Materials | Hacked Robot Schematics ------------------ None Fabricated ------------ Nothing Repaired ---------- Lgt. Treads | 32% | -10/Materials Autogun | 56% | -10/Materials Studied --------- None Alien Tech Used ----------------- None Achievements -------------- Do Not Disturb Spot Them First Strength In Numbers Challenges ------------ None Game ------ Seed CoolingVortexSystem Manual? 0 Play Time 00:21:01 Cumulative 71.6 hours Start 2026.09.12 @ 21:03:30 End 2026.09.12 @ 21:25:09 Sessions 1 Manual Loads 0 Difficulty Rogue Special Mode None Game No. 111 Rogue 111 Adventurer 0 Explorer 0 Win Type - Total 0 Types 0/0/0/0/0/0/0/0/0/0 Lore% 51 Gallery% 31 Achievement% 22 Wizard Run 0 Options --------- Layout 1 ASCII 0 Keyboard 0 Movement Mouse Keybinds 0 Fullscreen 2 Font 24/Terminus Map View 50x35 Zoom Use 0% Tactical HUD 1 Map Filters NONE Filters NONE Steam 1 RUN: 64c0c0f5-89a2-4721-8193-7bc0d6182337